 Dungeon Crawl Stone Soup version 0.28.0 (webtiles) character file.

Game seed: 7573321733473027050

20 Rahmier the Ducker (level 2, -4/22 HPs)
             Began as a Merfolk Warper on Feb 6, 2022.
             Slain by a gnoll (12 damage)
             ... on level 2 of the Dungeon.
             The game lasted 00:12:27 (603 turns).

Rahmier the Ducker (Merfolk Warper)                  Turns: 603, Time: 00:12:28

Health: -4/22      AC:  3    Str: 11    XL:     2   Next: 79%
Magic:  5/5        EV: 12    Int: 12    God:
Gold:   21         SH:  0    Dex: 13    Spells: 5/5 levels left

rFire   . . .      SeeInvis .   a - +0 spear
rCold   . . .      Faith    .   (no shield)
rNeg    . . .      Spirit   .   b - +0 leather armour
rPois   .          Reflect  .   (no helmet)
rElec   .          Harm     .   (no cloak)
rCorr   .          Rampage  .   (no gloves)
Will    .....                   (no boots)
Stlth   +.........              (no amulet)
HPRegen 0.07/turn               (no ring)
MPRegen 0.09/turn               (no ring)

@: no status effects
A: (nimble swimmer 2), mertail
a: no special abilities


You were on level 2 of the Dungeon.
You visited 1 branch of the dungeon, and saw 2 of its levels.

You collected 21 gold pieces.

Inventory:

Hand Weapons
 a - a +0 spear (weapon)
 e - a +0 short sword
 f - a +0 dagger
 i - a +0 dagger
 l - a +0 mace
 m - a +0 club
Missiles
 d - 5 boomerangs of dispersal (quivered)
 g - 17 stones
 j - 2 poisoned darts
 n - 23 bolts
Armour
 b - a +0 leather armour (worn)
Scrolls
 c - 2 scrolls of blinking
 h - 2 scrolls of vulnerability {unknown}
 k - a scroll of summoning {unknown}


   Skills:
 + Level 2.1 Fighting
 + Level 3.1 Polearms
 + Level 1.1 Throwing
 + Level 0.7 Armour
 + Level 3.3 Dodging
 + Level 2.1 Spellcasting
 + Level 2.8 Translocations


You had 5 spell levels left.
You didn't know any spells.
Your spell library contained the following spells:

 Spells                   Type           Power      Damage    Failure   Level
 Blink                    Tloc           16%        N/A       17%         2
 Gell's Gravitas          Tloc           8%         N/A       32%         3
 Lesser Beckoning         Tloc           8%         N/A       32%         3
 Teleport Other           Tloc           8%         N/A       32%         3
 Manifold Assault         Tloc           8%         N/A       97%         5


Dungeon Overview and Level Annotations

Branches:
Dungeon (2/15)

Altars:


Innate Abilities, Weirdness & Mutations

((You are very nimble when in or above water. (Stealth+, EV+, Speed+++)))
Your lower body shifts to a powerful aquatic tail in water.


Message History

A kobold comes into view. It is wielding a +0 club.
Found a scroll labelled VUABLA UPLYA and 23 bolts.
The kobold hits you with a +0 club.
You see here 12 gold pieces.
You hit the kobold.
You kill the kobold!
g - 17 stones (gained 5)
Things that are here:
a +0 club; a kobold corpse You now have 21 gold pieces (gained 12).
Things that are here:
a +0 club; a kobold corpse
m - a +0 club You see here 23 bolts.
n - 23 bolts
There are no items here.
There are no items here.
h - 2 scrolls labelled VUABLA UPLYA (gained 1)
You open the door.
Found a stone staircase leading down.
Found a scroll labelled GIUMIA MO BUVU. 2 gnolls and a giant cockroach come into view.
A gnoll is wielding a +2 vampiric halberd.
Found a scroll labelled XUCOCH ZATAZIJ.
The gnoll shouts! x2; You hear a shout!
The gnoll closely misses you.
The gnoll hits you from afar with a +0 spear.
The gnoll hits you from afar with a +2 vampiric halberd.
The gnoll hits you from afar with a +0 spear.
The gnoll closely misses you.
You hit the giant cockroach.
The giant cockroach is heavily wounded.
The giant cockroach barely misses you. The gnoll closely misses you.
The gnoll hits you from afar with a +2 vampiric halberd.
You hit the giant cockroach.
You kill the giant cockroach!
The gnoll hits you from afar with a +0 spear.
The gnoll hits you from afar with a +2 vampiric halberd!
Ouch! That really hurt!
You die...

#.......#
#.......+
#.......#
###.#'#.#
####†#.#.#
#<##.#.#.#
#....#.#.# #
####.#.#.###.#..
###.#@?g....#
#>..†g...##
#.##.....# #.
...#.# # ......#
#...#.. .#?# #
.#.. .# .#


You could see 2 gnolls.

Vanquished Creatures
  A dart slug (D:1)
  4 ball pythons (D:1)
  A bat (D:1)
  An endoplasm (D:1)
  A giant cockroach (D:2)
  2 hobgoblins (D:1)
  3 kobolds
  3 frilled lizards (D:1)
  A goblin (D:1)
  A rat (D:1)
18 creatures vanquished.

Notes
Turn   | Place    | Note
-------+----------+-------------------------------------------
     0 | D:1      | Rahmier the Merfolk Warper began the quest for the Orb.
     0 | D:1      | Reached XP level 1. HP: 16/16 MP: 3/3
   213 | D:1      | Reached XP level 2. HP: 11/22 MP: 5/5
   603 | D:2      | Slain by a gnoll

Illustrated notes

Levels and vault maps discovered:
D:1:      dpeg_arrival_simpleton_c, layout_basic
D:2:      layout_basic, dreamdust_ecumenical_altar_grove, minmay_ruptured,
          uniq_crazy_yiuf_cottage, uniq_terence

Skill      XL: |  1  2 |
---------------+-------+-----
Dodging        | 3 |  3.3
Fighting       | |  2.1
Polearms       | |  3.1
Throwing       | |  1.1
Armour         | |  0.7
Spellcasting   | |  2.1
Translocations | |  2.8

Action                   || total
-------------------------++-------
Melee: Spear             ||    52
 Stab: Sleeping          ||     1
Armor: Leather armour    ||     7
Dodge: Dodged            ||    29
